 Dungeon Crawl Stone Soup version 0.31.0-9-g3a7656b989 (webtiles) character file.

Game seed: 11492654540337016894

128 qw the Shooter (level 4, -4/36 HPs)
             Began as a Demigod Hunter on Feb 2, 2024.
             Slain by Grinder (6 damage)
             ... while paralysed by Grinder
             ... on level 3 of the Dungeon.
             The game lasted 00:00:06 (2332 turns).

qw the Shooter (Demigod Hunter)                     Turns: 2332, Time: 00:00:07

Health: -4/36      AC:  6    Str: 12    XL:     4   Next: 57%
Magic:  6/6        EV:  2    Int: 15    God:
Gold:   146        SH:  0    Dex: 21    Spells: 3/3 levels left

rFire   + . .        a - +1 shortbow
rCold   . . .        (shield currently unavailable)
rNeg    . . .        j - +1 leather armour of the Carpenter {Int+4}
rPois   +            d - +0 helmet
rElec   .            (no cloak)
rCorr   .            (no gloves)
SInv    .            h - +0 pair of boots
Will    .....        (no amulet)
Stlth   ++           b - ring of protection from fire
HPRegen 0.26/turn    m - ring of poison resistance
MPRegen 0.10/turn

%: no passive effects
@: paralysed
A: high MP 1, forlorn, divine attributes
a: no special abilities


You were on level 3 of the Dungeon.
You visited 1 branch of the dungeon, and saw 3 of its levels.

You collected 146 gold pieces.


Innate Abilities, Weirdness & Mutations

You have an increased reservoir of magic. (+10% MP)
You shall have no god before yourself.
Your divine heritage dramatically boosts your attributes as you level up.


   Skills:
 - Level 2.0 Fighting
 + Level 5.3 Ranged Weapons
 - Level 1.0 Armour
 - Level 2.1 Dodging
 - Level 0.8 Stealth


You had 3 spell levels left.
You didn't know any spells.
Your spell library was empty.

Inventory:

Hand Weapons
 a - a +1 shortbow (weapon)
Armour
 d - a +0 helmet (worn)
 h - a +0 pair of boots (worn)
 j - the +1 leather armour of the Carpenter (worn) {Int+4}
   (You found it on level 2 of the Dungeon)

   Int+4:     It affects your intelligence (+4).
Jewellery
 b - a ring of protection from fire (left hand)
 m - a ring of poison resistance (right hand)
 Y - a ring of positive energy
Scrolls
 c - a scroll of identify
Potions
 f - a potion of curing
 i - a potion of berserk rage {unknown}
 n - a potion of ambrosia {unknown}

Dungeon Overview and Level Annotations

Branches:
Dungeon (3/15)

Annotations:
D:2 1 runed translucent door, Crazy Yiuf
D:3 Grinder


Message History

A rat comes into view.
You shoot an arrow. The arrow closely misses Grinder.
The arrow hits the orc!
You kill the orc!
Grinder gestures at you. Pain shoots through your body!
You shoot an arrow. The arrow hits Grinder.
Grinder is lightly wounded.
You shoot an arrow. The arrow hits Grinder.
Grinder is moderately wounded.
A quokka comes into view.
Grinder hits you.
You writhe in agony.
You shoot an arrow. The arrow closely misses Grinder.
The arrow closely misses the kobold.
The arrow hits the rat!
You kill the rat!
Grinder blinks!
You shoot an arrow. The arrow hits the kobold.
You kill the kobold!
You shoot an arrow. The arrow misses the quokka.
The quokka bites you but does no damage.
The quokka closely misses you.
You shoot an arrow. The arrow hits the quokka.
You kill the quokka!
Grinder blinks!
You shoot an arrow. The arrow barely misses Grinder.
Grinder hits you!
You writhe in agony.
Grinder hits you!
You writhe in agony.
You shoot an arrow. The arrow completely misses Grinder.
Grinder gestures at you.
You barely resist. You shoot an arrow. The arrow closely misses Grinder.
Grinder barely misses you.
You shoot an arrow. The arrow closely misses Grinder.
Grinder hits you.
You shoot an arrow. The arrow hits Grinder.
Grinder is moderately wounded.
Grinder gestures at you.
You suddenly lose the ability to move!
Grinder hits you! Grinder hits you.
You die...
Grinder says, "Hey, I wasn't done torturing you yet!"

.....####
#.)..###### #
#.##......# #
#.........# #
#.######..# # #.#
#..# # #.## ##.##
#.5# #..# #@## ##.#
## #.# #.# #. .)#
#.# #. ##%#
##.########. .).
#......))).. ...'
+.#.....#### ...
..##.....#
......####.....####
... ........'...


You could see Grinder.

Vanquished Creatures
  An orc priest (D:3)
  An orc wizard (D:3)
  An adder (D:3)
  A dart slug (D:2)
  4 orcs (D:3)
  6 endoplasms
  2 giant cockroaches
  7 goblins
  6 hobgoblins
  3 quokkas
  3 ball pythons
  3 bats
  3 frilled lizards (D:1)
  10 kobolds
  3 rats
54 creatures vanquished.

Notes
Turn   | Place    | Note
-------+----------+-------------------------------------------
     0 | D:1      | qw the Demigod Hunter began the quest for the Orb.
     0 | D:1      | Reached XP level 1. HP: 17/17 MP: 3/3
     0 | D:1      | 0 ||| qw: Version: 0.3-a-155-g5e7d8dd
     0 | D:1      | 0 ||| qw: Game counter: 107
     0 | D:1      | 0 ||| qw: Melee chars always use a shield: true
     0 | D:1      | 0 ||| qw: God list: Okawaru
     0 | D:1      | 0 ||| qw: Allow faded altars: false
     0 | D:1      | 0 ||| qw: Do Orc after clearing Dungeon:15 true
     0 | D:1      | 0 ||| qw: Do second Lair branch before Depths: true
     0 | D:1      | 0 ||| qw: Lair rune preference: random
     0 | D:1      | 0 ||| qw: Goals: Normal
     0 | D:1      | 0 ||| PLANNING D:1-11
   257 | D:1      | Reached skill level 4 in Ranged Weapons
   285 | D:1      | Reached XP level 2. HP: 24/24 MP: 4/4
   796 | D:1      | 796 ||| UPGRADING to +0 helmet.
   801 | D:1      | 801 ||| UPGRADING to +0 ring mail.
   811 | D:1      | 811 ||| DROPPING +0 leather armour.
   812 | D:1      | 812 ||| UPGRADING to +0 pair of boots.
   817 | D:1      | 817 ||| UPGRADING to ring of positive energy.
   818 | D:1      | 818 ||| UPGRADING to ring of poison resistance.
   819 | D:1      | 819 ||| READING scroll labelled FUFREB GEOLL.
   820 | D:1      | 820 ||| READING scroll labelled ROCIL YCHE.
   820 | D:1      | 820 ||| ENCHANTING +0 shortbow.
   821 | D:1      | 821 ||| DRINKING 2 purple potions.
   822 | D:1      | 822 ||| DROPPING scroll of butterflies.
  1039 | D:2      | Found a runed translucent door.
  1040 | D:2      | Noticed Crazy Yiuf
  1180 | D:2      | Reached skill level 1 in Armour
  1369 | D:2      | Identified the +1 leather armour of the Carpenter {Int+4}
  1537 | D:2      | Reached XP level 3. HP: 29/29 MP: 5/5
  1829 | D:2      | 1829 ||| UPGRADING to +1 leather armour of the Carpenter
                  | {Int+4}.
  1839 | D:2      | 1839 ||| DROPPING +0 ring mail.
  1840 | D:2      | 1840 ||| UPGRADING to ring of protection from fire.
  1842 | D:2      | 1842 ||| DROPPING +6 ring of intelligence.
  1843 | D:2      | 1843 ||| READING scroll labelled OPIGHE QEIGECO.
  1843 | D:2      | 1843 ||| IDENTIFYING viscous clear potion
  1844 | D:2      | 1844 ||| DROPPING potion of degeneration.
  1895 | D:3      | 1895 ||| PLANNING SEWER
  2051 | D:3      | HP: 7/29 [orc priest/+0 hand axe (5)]
  2054 | D:3      | Reached XP level 4. HP: 8/36 MP: 6/6
  2056 | D:3      | Reached skill level 5 in Ranged Weapons
  2056 | D:3      | HP: 5/36 [something (3)]
  2061 | D:3      | HP: 2/36 [something (2)]
  2315 | D:3      | Noticed Grinder
  2329 | D:3      | HP: 9/36 [Grinder (6)]
  2330 | D:3      | Paralysed by Grinder for 4 turns
  2331 | D:3      | HP: 2/36 [Grinder (8)]
  2332 | D:3      | Slain by Grinder

Levels and vault maps discovered:
D:1:      ncdulo_halloftheorcs, layout_loops_corners, minmay_tetromino_t4
D:2:      layout_loops_corners, uniq_crazy_yiuf_cottage
D:3:      layout_basic, gup_sewer_entry_bowl, uniq_grinder, uniq_pargi

Skill      XL: |  1  2  3  4 |
---------------+-------------+-----
Ranged Weapons | 4 5 |  5.3
Fighting       | 2 |  2.0
Armour         | 1 |  1.0
Dodging        | 2 |  2.1
Stealth        | |  0.8

Action                     |  1- 3 |  4- 6 || total
---------------------------+-------+-------++-------
   Fire: Shortbow          |    92 |    31 ||   123
    Use: Scroll            |     3 |       ||     3
         Potion            |     1 |       ||     1
 Armour: Leather armour    |    12 |    19 ||    31
         Ring mail         |     2 |       ||     2
  Dodge: Dodged            |    27 |     3 ||    30

Table legend:
 A = Non-vault XP
 B = Vault XP
 C = Vault XP percentage of total XP
 D = Non-vault monster count
 E = Vault monster count
 F = Vault count percentage of total count
                 A         B        C        D         E       F
            +---------+---------+-------+---------+---------+-------
      Total |     175 |       8 |   4.4 |      49 |       5 |   9.3
            +---------+---------+-------+---------+---------+-------
        D:1 |      25 |       5 |  16.7 |      16 |       3 |  15.8
        D:2 |      29 |       0 |   0.0 |      15 |       0 |   0.0
        D:3 |     121 |       3 |   2.4 |      18 |       2 |  10.0
            +---------+---------+-------+---------+---------+-------
